 Dungeon Crawl Stone Soup version 0.30-a0-726-gd89dcf765f (webtiles) character file.

Game seed: 459120542424707305

588 timneilson the Covered (level 7, -10/43 HPs)
             Began as a Gargoyle Fighter on Jan 30, 2023.
             Mangled by an orc warrior
             ... wielding a +0 halberd
              (14 damage)
             ... on level 5 of the Dungeon.
             The game lasted 00:05:32 (4103 turns).

timneilson the Covered (Gargoyle Fighter)           Turns: 4103, Time: 00:05:33

Health: -10/43     AC: 18    Str: 22    XL:     7   Next: 38%
Magic:  7/7        EV:  8    Int:  8    God:
Gold:   398        SH:  4    Dex:  9    Spells: 6/6 levels left

rFire   . . .      SeeInvis .    a - +1 long sword (vamp)
rCold   . . .      Faith    .    c - +0 buckler
rNeg    + . .      Spirit   .    s - +0 chain mail
rPois   ∞          Reflect  .    (no helmet)
rElec   +          Harm     .    g - +1 cloak
rCorr   +          Rampage  .    (no gloves)
Will    .....                    p - +0 pair of boots Stlth
                                 (no amulet)
HPRegen 0.27/turn                m - ring of resist corrosion
MPRegen 0.10/turn                (no ring)

@: no status effects
A: sickness immunity, AC +4, negative energy resistance 1, electricity
resistance, torment resistance 1, petrification resistance
a: no special abilities


You were on level 5 of the Dungeon.
You visited 1 branch of the dungeon, and saw 5 of its levels.

You collected 398 gold pieces.

Inventory:

Hand Weapons
 a - a +1 vampiric long sword (weapon)
Armour
 c - a +0 buckler (worn)
 g - a +1 cloak (worn)
 p - a +0 pair of boots (worn)
 s - a +0 chain mail (worn)
Jewellery
 m - a ring of resist corrosion (left hand)
Wands
 b - a wand of flame (21)
Scrolls
 e - 6 scrolls of identify
 f - a scroll of fog
 i - 3 scrolls of teleportation
 q - a scroll of vulnerability {unknown}
 r - a scroll of enchant armour
 t - a scroll of blinking
Potions
 d - a potion of might
 h - a potion of lignification
 j - a potion of attraction
 k - a potion of invisibility {unknown}
 l - a potion of curing
 o - a potion of resistance {unknown}


   Skills:
 + Level 4.2 Fighting
 * Level 3.8 Long Blades
 * Level 5.3 Armour
 + Level 1.7 Dodging
 * Level 5.2 Shields
 + Level 1.0 Evocations


You had 6 spell levels left.
You didn't know any spells.
Your spell library contained the following spells:

 Spells                   Type           Power      Damage    Failure   Level
 Lesser Beckoning         Tloc           0%         N/A       100%        2
 Gell's Gravitas          Tloc           0%         N/A       100%        3
 Teleport Other           Tloc           0%         N/A       100%        3


Dungeon Overview and Level Annotations

Branches:
Dungeon (5/15)
 Temple: D:4-7

Altars:
Ru

Shops:
D:2 [

Annotations:
D:5 2 transporters, timneilson's ghost, novice GrFi


Innate Abilities, Weirdness & Mutations

You are immune to sickness and miasma.
Your stone body is resilient. (AC +4)
You are immune to poison.
You resist negative energy. (rN+)
You are resistant to electric shocks. (rElec)
You are resistant to unholy torment.
You are immune to petrification.


Message History

The orc warrior hits you with a +0 halberd!
The orc warrior hits you but does no damage.
You hit the orc warrior.
The orc warrior is heavily wounded.
The orc warrior barely misses you.
You hit the orc warrior but do no damage.
The orc warrior is heavily wounded.
The orc warrior hits you with a +0 halberd.
You hit the orc warrior.
You feel better.
The orc warrior is heavily wounded.
The orc warrior hits you but does no damage.
You barely miss the orc warrior.
The orc warrior is heavily wounded.
The orc warrior hits you but does no damage.
The orc warrior hits you with a +0 halberd.
You barely miss the orc warrior.
The orc warrior is heavily wounded.
The orc warrior hits you with a +0 halberd!
* * * LOW HITPOINT WARNING * * *
You completely miss the orc warrior.
The orc warrior is heavily wounded.
You block the orc warrior's attack.
You barely miss the orc warrior.
The orc warrior is heavily wounded.
The orc warrior hits you but does no damage.
You block the orc warrior's attack.
It was a potion of curing.
You feel better.
The orc warrior hits you with a +0 halberd!
* * * LOW HITPOINT WARNING * * *
You hit the orc warrior.
The orc warrior is heavily wounded.
The orc warrior hits you with a +0 halberd!
* * * LOW HITPOINT WARNING * * *
You barely miss the orc warrior.
The orc warrior is heavily wounded.
You block the orc warrior's attack.
You barely miss the orc warrior.
The orc warrior is heavily wounded.
The orc warrior hits you with a +0 halberd!
You die...

####### #.....#
#.....# #..(..#
######## #.....##
#..##.o# #.....'.
##..##$.###.....##
#o##..##=)#.....#
#@##..##?[#.....#
#.###########.#.##
#.####....###.#..#
##....####.##.##..
#########
#.##.###.
#....'÷.# #.##.#
##
#.88.#÷.####.##.#
#.88.###....###.#
#....# ###### #.#


You could see an orc warrior.

Vanquished Creatures
  A wyvern (D:5)
  A black bear (D:4)
  2 scorpions (D:5)
  An orc priest (D:4)
  2 iguanas (D:5)
  6 adders
  An ufetubus (D:5)
  2 worms (D:2)
  2 dart slugs
  6 orcs
  3 ball pythons
  7 bats
  2 endoplasms
  3 giant cockroaches
  9 goblins
  6 hobgoblins
  5 jackals
  4 kobolds
  A quokka (D:4)
  2 frilled lizards (D:1)
  7 rats
73 creatures vanquished.

Vanquished Creatures (others)
  3 fungi (D:2)
  4 plants (D:2)
7 creatures vanquished.

Grand Total: 80 creatures vanquished

Notes
Turn   | Place    | Note
-------+----------+-------------------------------------------
     0 | D:1      | timneilson the Gargoyle Fighter began the quest for the
                  | Orb.
     0 | D:1      | Reached XP level 1. HP: 14/14 MP: 1/1
   122 | D:1      | Reached XP level 2. HP: 19/19 MP: 2/2
   378 | D:1      | Reached XP level 3. HP: 16/23 MP: 3/3
  1171 | D:2      | Found Xeatig Daed's Antique Armour Emporium.
  1243 | D:2      | Found a faded altar of an unknown god.
  1643 | D:2      | Reached XP level 4. HP: 28/28 MP: 4/4
  2083 | D:3      | Found a sacrificial altar of Ru.
  2588 | D:4      | Noticed a black bear
  2598 | D:4      | Killed a black bear
  2599 | D:4      | Reached skill level 1 in Dodging
  2599 | D:4      | Reached XP level 5. HP: 28/33 MP: 5/5
  2985 | D:4      | Reached XP level 6. HP: 30/38 MP: 6/6
  3424 | D:5      | Entered Level 5 of the Dungeon
  3681 | D:5      | Noticed timneilson's ghost (novice GrFi)
  3682 | D:5      | Noticed a komodo dragon
  3683 | D:5      | Found a transporter.
  3787 | D:5      | Reached skill level 5 in Armour
  3816 | D:5      | Noticed an orc warrior
  3819 | D:5      | Noticed a wyvern
  3826 | D:5      | Reached XP level 7. HP: 43/43 MP: 7/7
  3861 | D:5      | HP: 2/43 [wyvern (4)]
  3863 | D:5      | Killed a wyvern
  3864 | D:5      | Reached skill level 5 in Shields
  3864 | D:5      | Reached skill level 1 in Evocations
  4026 | D:5      | Found a transporter.
  4103 | D:5      | Mangled by an orc warrior

Illustrated notes

Levels and vault maps discovered:
D:1:      dpeg_arrival_stone_temple_mockup, layout_loops_ring,
          dreamdust_princess_corridor, chequers_serial_rivers_large_a
D:2:      layout_loops_corners, serial_shops, nicolae_shop_trees,
          shapermc_ecumenical_altar_mp_urbaneastern
D:3:      layout_loops_ring, amcnicky_altar_gilded
D:4:      layout_loops_corners, st_stairs_3
D:5:      minmay_chambers_of_fours, layout_basic, gammafunk_ghost_arena

Skill      XL: |  1  2  3  4  5  6  7 |
---------------+----------------------+-----
Long Blades    | 2 3 |  3.8
Armour         | 4 5 |  5.3
Shields        | 4 5 |  5.2
Dodging        | 1 |  1.7
Fighting       | 4 |  4.2
Evocations     | 1 |  1.0

Action                     |  1- 3 |  4- 6 |  7- 9 || total
---------------------------+-------+-------+-------++-------
  Melee: Long sword        |   136 |   181 |    46 ||   363
    Use: Scroll            |     3 |     7 |       ||    10
         Potion            |       |     2 |     2 ||     4
 Armour: Scale mail        |    79 |    82 |       ||   161
         Chain mail        |       |    45 |    20 ||    65
  Dodge: Dodged            |    60 |    86 |    26 ||   172
  Block: Buckler           |    31 |    46 |    15 ||    92

Table legend: (Time is in decaauts)
 A = Elapsed time spent in this place.
 B = Non-inter-level travel time spent in this place.
 C = Inter-level travel time spent in this place.
 D = Time resting spent in this place.
 E = Time spent auto-exploring this place.
 F = Levels seen in this place.
 G = Mean time per level.
                   A        B        C        D        E       F      G
               +--------+--------+--------+--------+--------+-----+--------+
         Total |   4221 |   4038 |    183 |    138 |   2969 |   5 |  844.2 |
       Dungeon |   4221 |   4038 |    183 |    138 |   2969 |   5 |  844.2 |
               +--------+--------+--------+--------+--------+-----+--------+

Top non-repeatable levels by time:
     D:2: 975 daAuts
     D:4: 948 daAuts
     D:3: 859 daAuts
     D:1: 754 daAuts
     D:5: 682 daAuts
